 Dungeon Crawl Stone Soup version 0.30.1-11-g7821555f0a (webtiles) character file.

Game seed: 16008237682852910303

20285 Peloso the Carver (level 12, -4/112 HPs)
             Began as a Minotaur Fighter on Nov 7, 2023.
             Was a High Priest of Okawaru.
             Slain by an ettin
             ... wielding a +0 dire flail
              (25 damage)
             ... on level 11 of the Dungeon.
             The game lasted 00:24:15 (13720 turns).

Peloso the Carver (Minotaur Fighter)               Turns: 13720, Time: 00:24:15

Health: -4/112     AC: 24    Str: 22    XL:     12   Next: 44%
Magic:  10/12      EV: 11    Int:  5    God:    Okawaru [*****.]
Gold:   925        SH:  8    Dex: 14    Spells: 11/11 levels left

rFire   . . .        b - +1 falchion (vamp)
rCold   + . .        d - +0 buckler
rNeg    . . .        s - +3 plate armour {rC+}
rPois   +            (helmet restricted)
rElec   .            c - +1 cloak {rPois}
rCorr   .            (no gloves)
SInv    .            (no boots)
Will    .....        (no amulet) Stlth
                     e - ring of flight
HPRegen 0.38/turn    w - +4 ring of slaying
MPRegen 0.13/turn

%: no passive effects
@: heroic, flying
A: horns 2, retaliatory headbutt
a: Renounce Religion, Heroism, Finesse, Duel


You were on level 11 of the Dungeon.
You worshipped Okawaru.
Okawaru was extremely pleased with you.
You visited 2 branches of the dungeon, and saw 12 of its levels.
You visited the Abyss 1 time.
You also visited: Sewer and Bailey.

You collected 1013 gold pieces.
You spent 88 gold pieces at shops.

Inventory:

Hand Weapons
 a - a +1 long sword
 b - a +1 vampiric falchion (weapon)
Armour
 c - a +1 cloak of poison resistance (worn)
 d - a +0 buckler (worn)
 s - a +3 plate armour of cold resistance (worn)
 y - a +0 chain mail
Jewellery
 e - a ring of flight (left hand)
 g - a ring of see invisible
 h - a +6 ring of strength
 m - an amulet of faith
 o - an amulet of regeneration
 w - a +4 ring of slaying (right hand)
 B - a ring of resist corrosion
Wands
 x - a wand of polymorph (12)
 A - a wand of flame (16)
 I - a wand of light (8)
Scrolls
 i - 2 scrolls of blinking
 j - 5 scrolls of immolation
 k - 4 scrolls of magic mapping
 n - 4 scrolls of teleportation
 t - 2 scrolls of fog
 u - 2 scrolls of enchant armour
 z - 2 scrolls of fear
 D - 2 scrolls of poison
 E - 2 scrolls of enchant weapon
 F - 2 scrolls of brand weapon
 J - a scroll of summoning {unknown}
 K - 4 scrolls of identify
 L - 4 scrolls of amnesia
Potions
 f - 3 potions of curing
 l - 3 potions of lignification
 p - 8 potions of flight
 q - 4 potions of brilliance
 r - a potion of invisibility {unknown}
 v - 2 potions of mutation
 C - a potion of berserk rage {unknown}
 G - 2 potions of haste {unknown}
 H - a potion of magic {unknown}
 M - a potion of cancellation {unknown}


   Skills:
 + Level 12.1(17.1) Fighting
 + Level 14.6(19.6) Long Blades
 + Level 13.2(18.2) Armour
 + Level 4.0(9.0) Dodging
 + Level 2.2(7.2) Stealth
 + Level 9.7(14.7) Shields
 + Level 0.1(5.1) Unarmed Combat
 + Level 1.6 Invocations


You had 11 spell levels left.
You didn't know any spells.
Your spell library contained the following spells:

 Spells                   Type           Power      Damage    Failure   Level
 Apportation              Tloc           0%         N/A       99%         1
 Necrotise                Necr           0%         1d4       99%         1
 Frozen Ramparts          Ice            0%         1d1       100%        3
 Vhi's Electric Charge    Tloc/Air       0%         N/A       100%        3
 Ice Form                 Ice/Tmut       0%         N/A       100%        4
 Arcjolt                  Conj/Air       0%         1d10      100%        5
 Plasma Beam              Fire/Air       0%         2x1d11    100%        6
 Summon Small Mammal      Summ           Unusable   N/A       N/A         1
 Summon Ice Beast         Ice/Summ       Unusable   N/A       N/A         4

Dungeon Overview and Level Annotations

Branches:
Dungeon (11/15)            Temple (1/1) D:4            Lair (0/5) D:9
    Orc (0/2) D:10          Sewer (visited)          Bailey (visited)

Altars:
Ashenzari
Cheibriados
Dithmenos
Elyvilon
Fedhas
Gozag
Hepliaklqana
Kikubaaqudgha
Makhleb
Okawaru
Qazlal
Ru
Sif Muna
Vehumet
Xom
Yredelemnul
Zin
The Shining One

Shops:
D:10 *

Portals:
Trove: D:11 (give horn of Geryon)


Innate Abilities, Weirdness & Mutations

You have a pair of horns on your head.
You reflexively headbutt those who attack you in melee.


Message History

You headbutt the stone giant, but do no damage.
The stone giant is severely wounded.
You feel like a meek peon again.
You slash the stone giant! You headbutt the stone giant!
The stone giant is almost dead.
The stone giant hits you!
You hit the stone giant but do no damage.
You headbutt the stone giant, but do no damage.
The stone giant is almost dead.
The stone giant hits you.
You gain the combat prowess of a mighty hero.
The stone giant hits you.
You hit the stone giant.
The stone giant is almost dead.
You hit the stone giant but do no damage.
You headbutt the stone giant.
You kill the stone giant!
Okawaru is honoured by your kill.
You hit the ettin.
You feel better.
The ettin is lightly wounded.
The ettin barely misses you. You furiously retaliate!
You headbutt the ettin.
The ettin hits you with a +5 dire flail!!
* * * LOW HITPOINT WARNING * * *
You hit the ettin.
You feel better.
You headbutt the ettin!
The ettin is moderately wounded.
You hit the ettin but do no damage. Your headbutt misses the ettin.
The ettin is moderately wounded.
The ettin hits you but does no damage. The ettin closely misses you.
You hit the ettin. Your headbutt misses the ettin.
The ettin is moderately wounded.
You hit the ettin.
You feel better.
You headbutt the ettin!
The ettin is severely wounded.
You block the ettin's attack.
The ettin hits you with a +5 dire flail!
* * * LOW HITPOINT WARNING * * *
You hit the ettin.
You feel better.
The ettin is severely wounded.
You block the ettin's attack.
The ettin hits you with a +5 dire flail!!
You die...

############### #######
.....#........####C......
.....+........'.@CC......
.....#....(...####C......
.....#####(#### .......
##########(# .......
...........# C|.....
############ C......
###.#### #######
.......######
.......P....####


You could see an ettin and 3 cyclopes.

Vanquished Creatures
  A stone giant (D:11)
  A starcursed mass (Abyss:1)
  2 ettins (D:11)
  3 two-headed ogres
  A boulder beetle (D:11)
  A manticore (D:9)
  14 cyclopes (D:11)
  A komodo dragon (D:10)
  2 ancient zymes (Abyss:1)
  2 trolls
  3 hornets
  2 wraiths
  A ynoxinul (Abyss:1)
  2 shadows
  4 yaks (D:10)
  A wyvern (D:9)
  3 steam dragons
  4 vampire mosquitoes (D:11)
  5 wargs
  2 sky beasts
  9 orc warriors
  A black bear (D:5)
  An ice beast (D:5)
  4 ogres
  2 centaurs
  3 wolves (D:11)
  A phantom (D:5)
  5 bullfrogs
  5 scorpions
  A gnoll sergeant (D:7)
  15 wights
  13 killer bees
  A howler monkey (D:5)
  A crimson imp (D:6)
  3 hounds
  4 jellies
  4 orc priests
  Jessica (D:3)
  A sleepcap (D:7)
  Natasha (D:3)
  4 iguanas
  9 orc wizards
  5 adders
  10 gnolls
  2 river rats (Sewer)
  A shadow imp (D:7)
  3 white imps
  An ufetubus (D:6)
  5 worms
  A dart slug (D:2)
  26 orcs
  18 ball pythons
  4 bats
  9 endoplasms
  A giant cockroach (D:1)
  6 goblins
  8 hobgoblins
  10 jackals
  2 quokkas
  5 frilled lizards
  19 kobolds
  28 rats
308 creatures vanquished.

Notes
Turn   | Place    | Note
-------+----------+-------------------------------------------
     0 | D:1      | Peloso the Minotaur Fighter began the quest for the Orb.
     0 | D:1      | Reached XP level 1. HP: 19/19 MP: 0/0
   115 | D:1      | Reached XP level 2. HP: 27/27 MP: 1/1
   829 | D:2      | Reached XP level 3. HP: 24/33 MP: 2/2
   908 | D:2      | Reached skill level 3 in Long Blades
  1291 | D:2      | Reached XP level 4. HP: 27/39 MP: 3/3
  1297 | D:2      | Reached skill level 1 in Dodging
  1722 | D:3      | Reached skill level 4 in Long Blades
  1848 | D:3      | Found a hazy altar of Hepliaklqana.
  1955 | D:3      | Found a glowing drain.
  1969 | D:3      | Reached XP level 5. HP: 36/46 MP: 4/4
  1986 | Sewer    | Entered a sewer
  2371 | Sewer    | HP: 1/47 [bullfrog (4)]
  2375 | Sewer    | Reached skill level 5 in Armour
  2384 | Sewer    | Reached XP level 6. HP: 6/55 MP: 5/5
  2581 | D:3      | Noticed Jessica
  2585 | D:3      | Killed Jessica
  2681 | D:3      | Noticed Natasha
  2690 | D:3      | Killed Natasha
  2691 | D:3      | Reached skill level 5 in Long Blades
  3623 | D:4      | Found a staircase to the Ecumenical Temple.
  3638 | Temple   | Entered the Ecumenical Temple
  3757 | Temple   | Became a worshipper of Warmaster Okawaru
  3851 | D:4      | Reached skill level 5 in Fighting
  3851 | D:4      | Reached XP level 7. HP: 42/61 MP: 6/6
  4348 | D:5      | Entered Level 5 of the Dungeon
  4353 | D:5      | Reached skill level 6 in Long Blades
  4458 | D:5      | Reached * piety under Okawaru
  4678 | D:5      | Reached skill level 7 in Long Blades
  4892 | D:5      | Reached skill level 5 in Shields
  4892 | D:5      | Reached XP level 8. HP: 62/70 MP: 7/7
  4988 | D:5      | Found a broken altar of Ashenzari.
  5216 | D:5      | Found a blossoming altar of Fedhas.
  5592 | D:6      | Reached ** piety under Okawaru
  5680 | D:6      | Reached skill level 8 in Long Blades
  5685 | D:6      | Identified the +5 ring mail of Grace {Str+5 Int-3}
  5786 | D:6      | Found a burning altar of Makhleb.
  5894 | D:6      | Found a snail-covered altar of Cheibriados.
  6090 | D:7      | Found a shadowy altar of Dithmenos.
  6210 | Abyss:1  | Cast into level 1 of the Abyss (gnoll sergeant)
  6253 | Abyss:1  | Reached XP level 9. HP: 48/79 MP: 8/8
  6328 | Abyss:1  | Noticed an ancient zyme
  6337 | Abyss:1  | Killed an ancient zyme
  6338 | Abyss:1  | Reached skill level 9 in Long Blades
  6338 | Abyss:1  | Reached skill level 1 in Stealth
  6383 | Abyss:1  | Noticed an ancient zyme
  6389 | Abyss:1  | Killed an ancient zyme
  6443 | Abyss:1  | Noticed a starcursed mass
  6471 | Abyss:1  | Killed a starcursed mass
  6471 | Abyss:1  | Reached *** piety under Okawaru
  6472 | Abyss:1  | Reached skill level 10 in Long Blades
  6474 | D:7      | Escaped the Abyss
  7481 | D:8      | Found a flagged portal.
  7491 | Bailey   | Entered a bailey
  7695 | Bailey   | Reached XP level 10. HP: 59/90 MP: 9/9
  8012 | D:8      | Reached skill level 11 in Long Blades
  8428 | D:8      | Reached **** piety under Okawaru
  9629 | D:9      | You are sucked into a shaft and drop 2 floors!
  9706 | D:11     | Noticed an ettin
  9725 | D:11     | Killed an ettin
  9726 | D:11     | Reached skill level 10 in Armour
  9733 | D:11     | Noticed a cyclops
  9750 | D:11     | Noticed a cyclops
  9754 | D:11     | Killed a cyclops
  9762 | D:11     | Killed a cyclops
  9763 | D:11     | Reached skill level 12 in Long Blades
 10066 | D:11     | Noticed a cyclops
 10066 | D:11     | Noticed a cyclops
 10066 | D:11     | Noticed a cyclops
 10066 | D:11     | Noticed a cyclops
 10066 | D:11     | Noticed a cyclops
 10066 | D:11     | Noticed a cyclops
 10091 | D:11     | Killed a cyclops
 10096 | D:11     | Killed a cyclops
 10097 | D:11     | Reached XP level 11. HP: 64/99 MP: 8/10
 10107 | D:11     | Reached ***** piety under Okawaru
 10114 | D:11     | Reached skill level 10 in Fighting
 10120 | D:11     | Reached skill level 13 in Long Blades
 10423 | D:11     | Found a portal to a secret trove of treasure.
 10455 | D:11     | Found a hazy altar of Hepliaklqana.
 10498 | D:11     | Reached skill level 1 in Invocations
 10588 | D:10     | Entered Level 10 of the Dungeon
 10789 | D:10     | Noticed a two-headed ogre
 10796 | D:10     | Killed a two-headed ogre
 10796 | D:10     | Received a gift from Okawaru
 10945 | D:10     | Found a staircase to the Orcish Mines.
 11139 | D:9      | Found a staircase to the Lair.
 11961 | D:9      | Paralysed by a hornet for 2 turns
 11968 | D:9      | Reached skill level 14 in Long Blades
 12695 | D:10     | Identified the +7 morningstar of World's End {antimagic,
                  | rC+}
 12750 | D:10     | Found Qupreo's General Store.
 12758 | D:10     | Bought a potion of mutation for 88 gold pieces
 12775 | D:10     | Found a basalt altar of Yredelemnul.
 13102 | D:11     | Noticed a boulder beetle
 13144 | D:11     | Killed a boulder beetle
 13145 | D:11     | Reached XP level 12. HP: 76/110 MP: 11/11
 13165 | D:11     | Noticed a two-headed ogre
 13174 | D:11     | Killed a two-headed ogre
 13227 | D:11     | Noticed a two-headed ogre
 13237 | D:11     | Killed a two-headed ogre
 13383 | D:11     | Noticed an ettin
 13393 | D:11     | Killed an ettin
 13690 | D:11     | Noticed a stone giant
 13692 | D:11     | Noticed an ettin
 13714 | D:11     | Killed a stone giant
 13720 | D:11     | Slain by an ettin

Illustrated notes

Levels and vault maps discovered:
D:1:      dpeg_arrival_signposts, layout_rooms, minmay_hedge_maze
D:2:      layout_basic
D:3:      layout_basic, nicolae_overflow_crystal_walls,
          cheibrodos_sewer_entry_sluice, uniq_natasha, uniq_jessica
D:4:      layout_loops_ring, minmay_temple_entry_offerings
D:5:      layout_loops_ring, mainiacjoe_overflow_cross_hatched,
          fedhas_altar_fruit_tree
D:6:      layout_cave_pools, mainiacjoe_overflow_brackets, makhleb_grotto_becter
D:7:      layout_basic, grunt_dithmenos_smoke_and_mirrors
D:8:      layout_layer_cave, enter_bailey_2, serial_rivers,
          chequers_serial_rivers_small_3, chequers_serial_rivers_room_a,
          chequers_serial_rivers_micro_e, chequers_serial_rivers_small_3,
          chequers_serial_rivers_room_b
D:9:      minmay_evil_eye, layout_irregular_city, erik_lair_orcish_takeover,
          minmay_misc_feat_more_columns
D:10:     layout_small_grid, mainiacjoe_overflow_alcove_2, orc_0_dummy,
          serial_shops, shop_statue, billiards_dpeg
D:11:     giant_chief_lemuel, layout_loops_cross, nicolae_trove_entry_isolated,
          nicolae_hepliaklqana_hazy_memory
Temple:   bh_familiar_temple

Skill      XL: |  1  2  3  4  5  6  7  8  9 10 11 12 |
---------------+-------------------------------------+-----
Armour         | 4 5 6 8 9 10 12 13 | 13.2
Shields        | 4 5 6 7 9 |  9.7
Fighting       | 4 5 7 8 9 11 12 | 12.1
Long Blades    | 3 4 5 7 8 10 12 14 | 14.6
Dodging        | 1 2 3 4 |  4.0
Stealth        | 1 2 |  2.2
Invocations    | 1 |  1.6
Unarmed Combat | |  0.1

Action                     |  1- 3 |  4- 6 |  7- 9 | 10-12 || total
---------------------------+-------+-------+-------+-------++-------
  Melee: Long sword        |    88 |   189 |   275 |   317 ||   869
         Headbutt          |     8 |    27 |    61 |   146 ||   242
         Unarmed           |       |     8 |       |       ||     8
         Falchion          |       |       |       |   204 ||   204
 Invoke: Heroism           |       |       |     2 |    11 ||    13
    Use: Scroll            |       |    13 |     4 |     2 ||    19
         Potion            |       |     5 |     2 |     2 ||     9
 Armour: Scale mail        |    59 |   116 |       |       ||   175
         Chain mail        |       |     6 |   107 |    28 ||   141
         Plate armour      |       |       |       |   169 ||   169
  Dodge: Dodged            |    41 |   106 |    97 |   144 ||   388
  Block: Buckler           |    29 |    51 |    57 |   121 ||   258
